 Dungeon Crawl Stone Soup version 0.29.1-2-gbd0b4ee654 (webtiles) character file.

Game seed: 5436631565263989005

5 Descartes the Ducker (level 1, -1/10 HPs)
             Began as a Spriggan Wanderer on Nov 26, 2022.
             Slain by a goblin
             ... wielding a +0 club
              (3 damage)
             ... on level 1 of the Dungeon.
             The game lasted 00:00:54 (334 turns).

Descartes the Ducker (Spriggan Wanderer)             Turns: 334, Time: 00:00:55

Health: -1/10      AC:  2    Str:  7    XL:     1   Next: 66%
Magic:  3/3        EV: 17    Int: 14    God:
Gold:   9          SH:  0    Dex: 14    Spells: 2/2 levels left

rFire   . . .      SeeInvis +   a - +2 falchion
rCold   . . .      Faith    .   (no shield)
rNeg    . . .      Spirit   .   d - +0 robe
rPois   .          Reflect  .   (helmet restricted)
rElec   .          Harm     .   (no cloak)
rCorr   .          Rampage  .   (gloves unavailable)
Will    .....                   (boots unavailable)
Stlth   ++........              (no amulet)
HPRegen 0.03/turn               (no ring)
MPRegen 0.08/turn               (no ring)

@: very quick
A: very small, no large weapons, unfitting armour, see invisible, speed 3
a: no special abilities


You were on level 1 of the Dungeon.
You visited 1 branch of the dungeon, and saw 1 of its levels.

You collected 9 gold pieces.

Inventory:

Hand Weapons
 a - a +2 falchion (weapon)
Armour
 d - a +0 robe (worn)
Wands
 b - a wand of polymorph (3) (quivered)
Potions
 c - a potion of curing
 e - a potion of cancellation {unknown}


   Skills:
 - Level 1.0 Fighting
 + Level 0.4(1.4) Short Blades
 - Level 1.5(1.6) Long Blades
 + Level 2.9 Dodging
 + Level 1.0 Stealth
 - Level 1.3 Spellcasting
 - Level 1.7 Air Magic
 + Level 0.4 Poison Magic
 - Level 2.6 Evocations


You had 2 spell levels left.
You didn't know any spells.
Your spell library contained the following spells:

 Spells                   Type           Power      Damage    Failure   Level
 Poisonous Vapours        Pois/Air       8%         N/A       24%         2
 Static Discharge         Conj/Air       3%         3-4/arc   26%         2


Dungeon Overview and Level Annotations

Branches:
Dungeon (1/15)

Altars:


Innate Abilities, Weirdness & Mutations

You are very small and have problems with some larger weapons.
You are too small for most types of armour.
You have supernaturally acute eyesight. (SInv)
You cover ground extremely quickly. (Speed+++)


Message History

The dart slug is heavily wounded.
The dart slug launches a dart at you.
The slug dart hits you but does no damage.
You hit the dart slug.
The dart slug is severely wounded.
A dart slug is nearby!
You hit the dart slug.
You kill the dart slug!
Your Stealth skill increases to level 1!
Found a potion of curing.
You see here a dart slug corpse.
A goblin comes into view. It is wielding a +0 club.
A goblin is nearby!
You completely miss the goblin. The goblin hits you with a +0 club.
You closely miss the goblin. The goblin hits you with a +0 club.
You are too injured to fight recklessly!
You are too injured to fight recklessly!
You are too injured to fight recklessly!
You are too injured to fight recklessly!
You are too injured to fight recklessly!
You are too injured to fight recklessly!
You are too injured to fight recklessly!
You are too injured to fight recklessly!
You are too injured to fight recklessly!
You are too injured to fight recklessly!
You are too injured to fight recklessly!
You are too injured to fight recklessly!
You are too injured to fight recklessly!
You are too injured to fight recklessly!
You are too injured to fight recklessly!
You are too injured to fight recklessly!
A goblin is nearby!
You closely miss the goblin. The goblin hits you with a +0 club.
* * * LOW HITPOINT WARNING * * *
You hit the goblin.
The goblin is moderately wounded.
The goblin misses you. The goblin closely misses you.
You closely miss the goblin. The goblin completely misses you.
You closely miss the goblin. The goblin hits you with a +0 club.
You die...

..# #.# #.#
#.# #.# #.#
#######g##
.......@.#
#.########..#
#..........!#
#.##♣♣.♣♣##.#
#....P♣ .#
#### #.♣...♣#
.# ##.. ..
♣♣♣..##.##
##.# #.
♣..♣....#
##.# #
##..##..#


You could see a goblin.

Vanquished Creatures
  A dart slug (D:1)
  An endoplasm (D:1)
  A frilled lizard (D:1)
  A rat (D:1)
4 creatures vanquished.

Notes
Turn   | Place    | Note
-------+----------+-------------------------------------------
     0 | D:1      | Descartes the Spriggan Wanderer began the quest for the
                  | Orb.
     0 | D:1      | Descartes set off with the following items: a +2 falchion,
                  | a wand of polymorph (3), a potion of curing, a +0 robe; and
                  | the following spells available to memorise: Poisonous
                  | Vapours, Static Discharge.
     0 | D:1      | Reached XP level 1. HP: 10/10 MP: 3/3
    75 | D:1      | Reached skill level 1 in Stealth
   334 | D:1      | Slain by a goblin

Illustrated notes

Levels and vault maps discovered:
D:1:      enne_arrival_octagon_isle, layout_loops_ring, serial_forest,
          infiniplex_forest_clump_tiny, infiniplex_forest_clump_long,
          infiniplex_forest_corner_1, infiniplex_forest_clump_small,
          infiniplex_forest_3_way, infiniplex_forest_lined_2,
          infiniplex_forest_clump_C, minmay_surrounded

Skill      XL: |  1 |
---------------+----+-----
Stealth        | 1 |  1.0
Fighting       | |  1.0
Short Blades   | |  0.4
Long Blades    | |  1.5
Dodging        | |  2.9
Spellcasting   | |  1.3
Air Magic      | |  1.7
Poison Magic   | |  0.4
Evocations     | |  2.6

Action                   || total
-------------------------++-------
Melee: Falchion          ||    14
Armor: Robe              ||     1
Dodge: Dodged            ||     6
